 Dungeon Crawl Stone Soup version 0.27-a0-607-g1ad3dbde53 (webtiles) character file.

Game seed: 14294718416045366114

298 Gaff the Ruffian (level 6, -10/57 HPs)
             Began as a Troll Warper on Mar 13, 2021.
             Shot with an arrow by a centaur (14 damage)
             ... on level 5 of the Dungeon.
             The game lasted 00:06:32 (2554 turns).

Gaff the Ruffian (Troll Warper)                     Turns: 2554, Time: 00:06:33

Health: -10/57     AC:  4    Str: 22    XL:     6   Next: 13%
Magic:  2/6        EV: 10    Int:  9    God:
Gold:   233        SH:  0    Dex:  9    Spells: 5/7 levels left

rFire    . . .     SeeInvis +     - Unarmed
rCold    . . .     Faith    .   (no shield)
rNeg     . . .     Spirit   .   a - +0 robe
rPois    .         Reflect  .   (helmet restricted)
rElec    .         Harm     .   (no cloak)
rCorr    .         Rampage  .   (gloves unavailable)
Will     .....                  (boots unavailable)
Stlth    +.........             (no amulet)
HPRegen  1.19/turn              k - ring of see invisible
MPRegen  0.10/turn              (no ring)

@: no status effects
A: large, unfitting armour, claws 3, regeneration 1, shaggy fur 1, tough skin 1
a: no special abilities


You were on level 5 of the Dungeon.
You visited 1 branch of the dungeon, and saw 5 of its levels.

You collected 233 gold pieces.

Inventory:

Missiles
 d - 5 boomerangs of dispersal (quivered)
 o - 37 poisoned darts
Armour
 a - a +0 robe (worn)
Jewellery
 k - a ring of see invisible (right claw)
Scrolls
 c - a scroll of blinking
 e - a scroll of amnesia
 f - a scroll of noise {unknown}
 i - 2 scrolls of teleportation {unknown}
 j - 2 scrolls of magic mapping
 l - a scroll of enchant armour {unknown}
 p - a scroll of enchant weapon {unknown}
 q - a scroll of fog
 t - a scroll of immolation
Potions
 b - 2 potions of resistance {unknown}
 h - 2 potions of brilliance {unknown}
 m - a potion of attraction {unknown}
 n - 2 potions of degeneration {unknown}
 r - a potion of curing {unknown}
 s - a potion of invisibility {unknown}


   Skills:
 + Level 2.2 Fighting
 - Level 0.8 Throwing
 + Level 2.3 Dodging
 * Level 5.9 Unarmed Combat
 - Level 1.2 Spellcasting
 - Level 2.1 Translocations


You had 5 spell levels left.
You knew the following spells:

 Your Spells              Type           Power      Damage    Failure   Level
a - Blink                 Tloc           N/A        N/A       22%         2

Your spell library contained the following spells:

 Spells                   Type           Power      Damage    Failure   Level
 Gell's Gravitas          Tloc           2%         N/A       41%         3
 Lesser Beckoning         Tloc           2%         N/A       41%         3
 Teleport Other           Tloc           4%         N/A       41%         3
 Manifold Assault         Tloc           4%         N/A       82%         4


Dungeon Overview and Level Annotations

Branches:
Dungeon (5/15)
 Temple: D:4-7

Altars:
Zin


Innate Abilities, Weirdness & Mutations

You are too large for most types of armour.
You have claws for hands.
Your natural rate of healing is unusually fast.
You are covered in fur. (AC +1)
You have tough skin. (AC +1)


Message History

The bullfrog is heavily wounded.
The bullfrog hits you.
You barely miss the bullfrog.
The bullfrog is heavily wounded.
The bullfrog closely misses you. The bullfrog hits you.
You scratch the bullfrog.
The bullfrog is severely wounded.
The bullfrog swells and bulges.
The bullfrog barely misses you.
You claw the bullfrog!
You kill the bullfrog!
The centaur shoots an arrow.
The arrow hits you.
You have reached level 6!
Your experience leads to an increase in your attributes!
Increase (S)trength, (I)ntelligence, or (D)exterity?
You feel stronger. x2
The centaur unwields a +0 shortbow.
The centaur hits you! x2
* * * LOW HITPOINT WARNING * * *
You see here a bullfrog corpse.
You barely miss the centaur. The centaur hits you.
* * * LOW HITPOINT WARNING * * *
You closely miss the centaur. The centaur hits you!
* * * LOW HITPOINT WARNING * * *
You barely miss the centaur. The centaur barely misses you.
The centaur hits you but does no damage.
Casting: Blink (safe; 22% risk of failure)
Confirm with . or Enter, or press ? or * to list all spells.
You blink.
The centaur wields a +0 shortbow.
The centaur shoots an arrow.
The arrow hits you.
* * * LOW HITPOINT WARNING * * *
The centaur shoots an arrow.
The arrow completely misses you.
The centaur shoots an arrow.
The arrow hits you!
* * * LOW HITPOINT WARNING * * *
The centaur shoots an arrow.
The arrow hits you!
* * * LOW HITPOINT WARNING * * *
Casting: Blink (safe; 22% risk of failure)
Confirm with . or Enter, or press ? or * to list all spells.
You blink.
The centaur shoots an arrow.
The arrow hits you!
You die...

####.# #.(..#
##.##†# .......
#....c# .......
###..§#.# .......
#....c..# F......
#####....###.......
#..........#.......
#.#.#.#...@#......c
#.#.#.#.##.......#
#.#........#######
#.#...#....#
#.#........#
#.......##.####
#####.#.##....#
###.####### #.#


You could see a centaur.

Vanquished Creatures
  A bullfrog (D:5)
  An orc priest (D:3)
  An iguana (D:3)
  3 gnolls (D:2)
  A howler monkey skeleton (D:4)
  5 adders
  An ooze (D:3)
  5 dart slugs
  2 leopard geckos (D:3)
  9 orcs
  A giant cockroach (D:1)
  11 hobgoblins
  3 jackals (D:1)
  9 kobolds
  A quokka (D:3)
  6 bats
  5 frilled lizards
  6 goblins
  8 rats
79 creatures vanquished.

Notes
Turn   | Place    | Note
-------+----------+-------------------------------------------
     0 | D:1      | Gaff the Troll Warper began the quest for the Orb.
     0 | D:1      | Reached XP level 1. HP: 19/19 MP: 1/1
   140 | D:1      | Reached XP level 2. HP: 26/27 MP: 2/2
   222 | D:1      | Reached skill level 3 in Unarmed Combat
   584 | D:2      | Reached XP level 3. HP: 33/33 MP: 3/3
   767 | D:2      | Reached skill level 4 in Unarmed Combat
   767 | D:2      | Found a glowing silver altar of Zin.
  1010 | D:2      | Reached XP level 4. HP: 41/41 MP: 4/4
  1658 | D:3      | Reached skill level 5 in Unarmed Combat
  1723 | D:3      | Reached XP level 5. HP: 36/48 MP: 5/5
  2469 | D:5      | Entered Level 5 of the Dungeon
  2485 | D:5      | Learned a level 2 spell: Blink
  2526 | D:5      | Noticed a centaur
  2545 | D:5      | Reached XP level 6. HP: 43/57 MP: 6/6
  2551 | D:5      | HP: 1/57 [centaur/arrow (8)]
  2554 | D:5      | Shot with an arrow by a centaur

Illustrated notes

Levels and vault maps discovered:
D:1:      dpeg_arrival_houses_and_road, layout_rooms
D:2:      layout_basic, lemuel_coloured_pillars_altar
D:3:      layout_loops_ring
D:4:      wander_river, layout_loops_ring, feat_on_display
D:5:      minmay_angry_zag, layout_basic,
          grunt_temple_overflow_champion_of_chaos, lemuel_round_altar,
          overflow_temple_1_default, serial_shops, shop_statue,
          minmay_misc_feat_ornament

Skill      XL: |  1  2  3  4  5 |
---------------+----------------+-----
Unarmed Combat | 3 4 5 |  5.9
Dodging        | 2 |  2.3
Fighting       | 2 |  2.2
Throwing       | |  0.8
Spellcasting   | |  1.2
Translocations | |  2.1

Action                   |  1- 3 |  4- 6 || total
-------------------------+-------+-------++-------
Melee: Unarmed           |   116 |    95 ||   211
       Punch             |     1 |     3 ||     4
 Cast: Blink             |       |     2 ||     2
  Use: Scroll            |       |     4 ||     4
Armor: Robe              |    39 |    13 ||    52
Dodge: Dodged            |    58 |    37 ||    95

Table legend: (Time is in decaauts)
 A = Elapsed time spent in this place.
 B = Non-inter-level travel time spent in this place.
 C = Inter-level travel time spent in this place.
 D = Time resting spent in this place.
 E = Time spent auto-exploring this place.
 F = Levels seen in this place.
 G = Mean time per level.
                   A        B        C        D        E       F      G
               +--------+--------+--------+--------+--------+-----+--------+
         Total |   2539 |   2346 |    193 |     22 |   1758 |   5 |  507.8 |
       Dungeon |   2539 |   2346 |    193 |     22 |   1758 |   5 |  507.8 |
               +--------+--------+--------+--------+--------+-----+--------+

Top non-repeatable levels by time:
     D:2: 1080 daAuts
     D:3: 804 daAuts
     D:1: 551 daAuts
     D:5: 83 daAuts
     D:4: 20 daAuts
